 Dungeon Crawl Stone Soup version 0.13.0-6-g40e4d2d (webtiles) character file.

9181 Deemzul the Martial Artist (level 11, -13/67 HPs)
             Began as an Octopode Monk on Oct 14, 2013.
             Was a High Priest of Okawaru.
             Mangled by a seven-headed hydra (14 damage)
             ... on Level 12 of the Dungeon.
             The game lasted 00:38:30 (10067 turns).

Deemzul the Martial Artist (Octopode Monk)         Turns: 10067, Time: 00:38:31

HP -13/67        AC  1     Str 11      XL: 11   Next: 34%
MP   9/10        EV 18     Int 13      God: Okawaru [*****.]
Gold 486         SH 35     Dex 16 (17) Spells:  0 memorised, 10 levels left

Res.Fire  : . . .   See Invis. : .     - Unarmed
Res.Cold  : + . .   Warding    : .   a - +1 large shield
Life Prot.: . . .   Conserve   : .   (helmet restricted)
Res.Poison: +       Res.Corr.  : +   r - amulet of resist corrosion
Res.Elec. : .       Clarity    : .   k - ring of poison resistance
Sust.Abil.: . .     Spirit.Shd : .   I - ring of protection from cold
Res.Mut.  : .       Stasis     : .   C - ring of regeneration
Res.Rott. : .       Flight     : .   (no ring)
Saprovore : . . .                    (no ring)
                                     (no ring)
                                     (no ring)
                                     (no ring)

@: invisible, heroism, somewhat resistant to hostile enchantments, extremely
stealthy
A: almost no armour, amphibious, 8 rings, constrict 8, camouflage 1, AC +1
a: Heroism, Finesse, Renounce Religion


You were on level 12 of the Dungeon.
You worshipped Okawaru.
Okawaru was extremely pleased with you.
You were hungry.

You visited 2 branches of the dungeon, and saw 13 of its levels.

You collected 546 gold pieces.
You spent 60 gold pieces at shops.

Inventory:

Hand weapons
 c - a +0 blowgun
 x - a +0 blowgun
Missiles
 i - 74 poisoned needles
 t - 16 darts (quivered)
Armour
 a - a +1 large shield (worn)
Magical devices
 g - a wand of lightning (4)
 o - a wand of polymorph (12)
 A - a wand of disintegration (12)
 H - a wand of lightning (5)
 L - a wand of magic darts (8)
 M - a wand of digging (10) {unknown}
 P - a wand of lightning (0)
 V - a wand of frost (4)
Comestibles
 b - 10 bread rations
 f - a snozzcumber
 h - 2 pears
 l - 4 meat rations
 m - 5 chokos
 B - an orange
 E - an apple
 F - a cheese
 Q - a rotting chunk of hound flesh
 T - 8 slices of pizza
 U - a honeycomb
Scrolls
 d - a scroll of teleportation
 j - 3 scrolls of enchant weapon I
 n - 6 scrolls of remove curse
 p - a scroll of enchant weapon II
 q - a scroll of curse armour
 u - a scroll of amnesia
 w - a scroll of summoning {unknown}
 y - a scroll of curse weapon {unknown}
 z - a scroll of magic mapping {unknown}
 G - a scroll of noise
 K - 2 scrolls of recharging {unknown}
 R - 3 scrolls of identify
Jewellery
 e - an uncursed ring of teleportation
 k - a ring of poison resistance (left tentacle)
 r - an amulet of resist corrosion (around mantle)
 C - a ring of regeneration (on tentacle)
 D - an uncursed ring of ice
 I - a ring of protection from cold (right tentacle)
Potions
 s - 3 potions of resistance
 v - 2 potions of might
 J - a potion of curing
 O - a potion of heal wounds
 S - a potion of restore abilities {unknown}


   Skills:
 - Level 3.0(8.0) Fighting
 - Level 7.0(12.0) Dodging
 + Level 5.2(10.2) Stealth
 - Level 7.1(12.1) Shields
 * Level 14.1(19.1) Unarmed Combat


You had 10 spell levels left.
You didn't know any spells.

Dungeon Overview and Level Annotations

Branches:
Dungeon (12/27)            Temple (1/1) D:5             Orc (0/4) D:7
   Lair: D:8-13

Altars:
Ashenzari
Cheibriados
Elyvilon
Fedhas
Kikubaaqudgha
Makhleb
Nemelex Xobeh
Okawaru
Trog
Vehumet
Xom
Zin
the Shining One
Lugonu

Shops:
D:4 ?

Annotations:
D:3 Sigmund


Innate Abilities, Weirdness & Mutations

You cannot wear most types of armour.
You are amphibious.
You can wear up to eight rings at the same time.
You can use your tentacles to constrict many enemies at once.
Your skin changes colour to match your surroundings (Stlth).
Your rubbery body absorbs attacks (AC +1).


Message History

You block the seven-headed hydra's attack.
The seven-headed hydra bites you! The seven-headed hydra bites you.
You block the seven-headed hydra's attack.
The seven-headed hydra bites you!
* * * LOW HITPOINT WARNING * * *
The seven-headed hydra bites you.
* * * LOW HITPOINT WARNING * * *
You block the seven-headed hydra's attack.
Read which item? (? for menu, Esc to quit)
Okay, then.
Unknown command.
Drink which item? (? for menu, Esc to quit)
You fade into invisibility!
The seven-headed hydra bites you.
* * * LOW HITPOINT WARNING * * *
The seven-headed hydra bites you!
* * * LOW HITPOINT WARNING * * *
You block the seven-headed hydra's attack.
The seven-headed hydra bites you!
You die...

...........<............#########
......................###
.#####................# .#
#.....#####......# .# #.....#
#......# .# #.....# #......# .#
#.....# #......# .# #.....#
#D.....# .# #.....#####@.....# .#
#.........>......# ..
...................#######
....................../....
........######.............
.......# #............. ......#
#............ .....#
#.#####...... ##..# #.# .....#


You could see a seven-headed hydra.

Vanquished Creatures
  A spriggan (D:8)
  3 wyverns
  A shadow (D:11)
  18 yaks
  2 hippogriffs
  A manticore (D:11)
  4 porcupines (D:9)
  A necrophage (D:7)
  A black bear (D:6)
  3 ice beasts
  3 sky beasts
  6 centaurs
  2 ogres
  A phantom (D:11)
  3 orc warriors
  3 crocodiles (D:9)
  2 water moccasins
  6 giant frogs
  A big kobold (D:11)
  A gnoll sergeant (D:9)
  2 manticore skeletons
  A hippogriff zombie (D:6)
  A troll skeleton (D:10)
  A yak skeleton (D:10)
  3 jellies
  4 killer bees (D:9)
  A goliath beetle (D:9)
  2 crimson imps
  A giant frog skeleton (D:8)
  A quasit (D:12)
  A giant frog zombie (D:11)
  2 orc priests (D:7)
  6 hounds
  4 iguanas
  7 worker ants
  An orange rat (D:5)
  7 orc wizards
  An ogre zombie (D:5)
  A hound skeleton (D:7)
  6 gnolls
  12 adders
  A giant centipede (D:9)
  4 green rats
  A giant mite (D:5)
  An inept feature mimic (D:7)
  2 worms
  6 grey rats (D:5)
  6 giant geckos
  An ooze (D:3)
  50 orcs
  13 bats
  A bat skeleton (D:6)
  5 giant cockroaches
  6 goblins
  13 hobgoblins
  4 quokkas
  A giant gecko skeleton (D:5)
  7 giant newts
  A goblin skeleton (D:5)
  A hobgoblin skeleton (D:4)
  A hobgoblin zombie (D:5)
  4 jackals (D:6)
  18 kobolds
  3 orc skeletons
  A quokka zombie (D:5)
  42 rats
  2 rat skeletons
  A fungus (D:8)
324 creatures vanquished.

Vanquished Creatures (others)
  A fungus (D:9)
1 creature vanquished.

Grand Total: 325 creatures vanquished

Notes
Turn   | Place    | Note
--------------------------------------------------------------
     0 | D:1      | Deemzul, the Octopode Monk, began the quest for the Orb.
     0 | D:1      | Reached XP level 1. HP: 14/14 MP: 0/0
   179 | D:1      | Reached XP level 2. HP: 13/19 MP: 1/1
   256 | D:1      | Reached skill level 1 in Shields
   524 | D:1      | Found a sparkling altar of Nemelex Xobeh.
   673 | D:2      | Reached XP level 3. HP: 17/25 MP: 2/2
  1048 | D:2      | Found an ancient bone altar of Kikubaaqudgha.
  1139 | D:2      | Reached skill level 5 in Unarmed Combat
  1139 | D:2      | Reached XP level 4. HP: 30/30 MP: 3/3
  1565 | D:3      | Noticed Sigmund
  1614 | D:4      | Found Xourromio's Magic Scroll Shoppe.
  1614 | D:4      | Noticed an ogre
  1706 | D:5      | Entered Level 5 of the Dungeon
  1988 | D:4      | Reached XP level 5. HP: 12/35 MP: 4/4
  2393 | D:3      | Found a shimmering altar of Xom.
  2932 | D:4      | Killed an ogre
  2932 | D:4      | Reached skill level 6 in Unarmed Combat
  2932 | D:4      | Reached XP level 6. HP: 17/41 MP: 5/5
  3516 | D:4      | Bought a scroll of blinking for 60 gold pieces
  3730 | D:5      | Noticed a sky beast
  3798 | D:5      | Found a white marble altar of Elyvilon.
  3798 | D:5      | Found a radiant altar of Vehumet.
  3798 | D:5      | Found a sparkling altar of Nemelex Xobeh.
  3990 | D:5      | Reached XP level 7. HP: 43/45 MP: 6/6
  4016 | D:6      | Reached skill level 7 in Unarmed Combat
  4552 | D:5      | Noticed a centaur
  4789 | D:5      | Killed a centaur
  4981 | D:5      | Killed a sky beast
  5023 | D:5      | Noticed a moth of wrath
  5026 | D:5      | Found a bloodstained altar of Trog.
  5195 | D:5      | Found a staircase to the Ecumenical Temple.
  5210 | Temple   | Entered the Ecumenical Temple
  5223 | Temple   | Became a worshipper of Warmaster Okawaru
  5223 | Temple   | Acquired Okawaru's first power
  5293 | D:6      | Reached skill level 8 in Unarmed Combat
  5294 | D:6      | Reached XP level 8. HP: 52/52 MP: 4/7
  5338 | D:6      | Reached skill level 5 in Shields
  5504 | D:6      | Reached skill level 9 in Unarmed Combat
  6241 | D:7      | Reached XP level 9. HP: 25/56 MP: 6/8
  6244 | D:7      | Reached skill level 10 in Unarmed Combat
  6452 | D:7      | Found a staircase to the Orcish Mines.
  6771 | D:6      | Found a glowing silver altar of Zin.
  7582 | D:8      | Reached skill level 11 in Unarmed Combat
  7675 | D:8      | Noticed a spriggan
  7692 | D:8      | Killed a spriggan
  7918 | D:9      | Reached XP level 10. HP: 22/62 MP: 6/9
  8177 | D:9      | Reached skill level 12 in Unarmed Combat
  8192 | D:9      | Reached skill level 5 in Dodging
  8228 | D:9      | Acquired Okawaru's second power
  8704 | D:9      | Reached skill level 13 in Unarmed Combat
  9019 | D:10     | Entered Level 10 of the Dungeon
  9134 | D:10     | Reached XP level 11. HP: 45/67 MP: 10/10
  9454 | D:11     | Found a shattered altar of Ashenzari.
  9847 | D:11     | Reached skill level 14 in Unarmed Combat
  9854 | D:11     | Reached skill level 5 in Stealth
 10032 | D:12     | Noticed a seven-headed hydra
 10067 | D:12     | HP: 1/67 [seven-headed hydra (12)]
 10067 | D:12     | Mangled by a seven-headed hydra

Action                   |  1- 3 |  4- 6 |  7- 9 | 10-12 || total
-------------------------+-------+-------+-------+-------++-------
Melee: Unarmed           |    60 |   154 |   355 |   238 ||   807
 Fire: Blowgun           |       |     6 |       |       ||     6
Throw: Dart              |       |       |       |     2 ||     2
Invok: Heroism           |       |       |    14 |    13 ||    27
Evoke: Wand              |       |       |     4 |    16 ||    20
  Use: Potion            |     1 |       |     3 |     5 ||     9
       Scroll            |       |    12 |    11 |     4 ||    27
 Stab: Sleeping          |     7 |     7 |    12 |     7 ||    33
       Distracted        |       |       |     2 |       ||     2
